 Dungeon Crawl Stone Soup version 0.20.2-3-g29329e0561 (webtiles) character file.

363 Alfie the Cutter (level 6, -16/52 HPs)
             Began as a Hill Orc Fighter on Oct 23, 2023.
             Demolished by a two-headed ogre
             ... wielding a +0 giant spiked club
              (25 damage)
             ... on level 5 of the Dungeon.
             The game lasted 00:08:01 (2907 turns).

Alfie the Cutter (Hill Orc Fighter)                 Turns: 2907, Time: 00:08:02

Health: -16/52     AC: 11    Str: 21    XL:     6   Next: 67%
Magic:  6/6        EV:  7    Int:  8    God:
Gold:   127        SH:  9    Dex: 10    Spells: 5/5 levels left

rFire    . . .     SeeInvis .   a - +1 rapier
rCold    . . .     Gourm    .   c - +0 shield
rNeg     . . .     Faith    .   b - +0 scale mail
rPois    .         Spirit   .   (no helmet)
rElec    .         Reflect  .   p - +0 cloak
rCorr    .         Harm     .   o - +0 pair of gloves
MR       .....                  (no boots)
Stlth    ..........             (no amulet)
Regen    0.2/turn               t - +2 ring of protection
MPRegen  0.1/turn               (no ring)

@: no status effects
A: no striking features
a: no special abilities


You were on level 5 of the Dungeon.
You were not hungry.

You visited 1 branch of the dungeon, and saw 5 of its levels.

You collected 127 gold pieces.

Inventory:

Hand Weapons
 a - a +1 rapier (weapon)
Missiles
 k - 6 tomahawks (quivered)
Armour
 b - a +0 scale mail (worn)
 c - a +0 shield (worn)
 o - a +0 pair of gloves (worn)
 p - a +0 cloak (worn)
Jewellery
 t - a +2 ring of protection (left hand)
Scrolls
 e - a scroll of identify
 i - 2 scrolls of amnesia
 j - 7 scrolls of remove curse
 u - a scroll of blinking {unknown}
 v - a scroll of enchant armour {unknown}
 w - a scroll of magic mapping {unknown}
 x - a scroll of fog {unknown}
Potions
 d - a potion of might
 h - a potion of cancellation {unknown}
 l - a potion of heal wounds {unknown}
 m - a potion of degeneration {unknown}
 n - 3 potions of curing {unknown}
 q - a potion of invisibility {unknown}
 r - a potion of ambrosia {unknown}
 s - a potion of mutation {unknown}
Comestibles
 f - 2 bread rations
 g - 3 meat rations


   Skills:
 + Level 4.2 Fighting
 + Level 4.7 Short Blades
 + Level 1.3 Throwing
 + Level 4.6 Armour
 + Level 0.1 Dodging
 + Level 0.1 Stealth
 + Level 4.4 Shields


You had 5 spell levels left.
You didn't know any spells.

Dungeon Overview and Level Annotations

Branches:
Dungeon (5/15)
 Temple: D:4-7

Altars:
Nemelex Xobeh
Qazlal
The Shining One

Shops:
D:4 (


Message History

The tomahawk hits the two-headed ogre but does no damage.
Throwing (i - inventory):
k - 9 tomahawks (quivered)
Press: ? - help, Shift-Dir - straight line, f/p - two-headed ogre
Aim: a two-headed ogre, wielding a giant spiked club and a giant club You throw a tomahawk.
The tomahawk hits the two-headed ogre!
The two-headed ogre is lightly wounded.
Throwing (i - inventory):
k - 8 tomahawks (quivered)
Press: ? - help, Shift-Dir - straight line, f/p - two-headed ogre
Aim: a two-headed ogre, wielding a giant spiked club and a giant club (lightly wounded)
You throw a tomahawk. The tomahawk hits the two-headed ogre.
The two-headed ogre is lightly wounded.
Throwing (i - inventory):
k - 7 tomahawks (quivered)
Press: ? - help, Shift-Dir - straight line, f/p - two-headed ogre
Aim: a two-headed ogre, wielding a giant spiked club and a giant club (lightly wounded)
You throw a tomahawk.
The tomahawk barely misses the two-headed ogre.
You puncture the two-headed ogre!
The two-headed ogre is moderately wounded.
The two-headed ogre hits you with a giant spiked club!!
You die...

...........##...####
....................
........####..#....
###..#.## ##..# .
..##...####..<#
..###....#....#
..#...##.#.##.######
...<####.†)##......##
....(>.(..###>..@O..#
..#######............#
..# ..##............
..# .#...........((##
..# .#####..........(.
### .. #............
.. ...........## ..
##.........##


You could see a two-headed ogre.

Vanquished Creatures
  A centaur (D:5)
  An orc priest (D:4)
  An iguana (D:4)
  An orc wizard (D:3)
  2 hound skeletons
  9 adders
  5 worms
  3 dart slugs
  A leopard gecko (D:3)
  7 orcs
  7 bats
  4 giant cockroaches
  6 goblins
  7 hobgoblins
  5 jackals (D:4)
  6 kobolds
  A quokka (D:4)
  A ball python (D:1)
  6 frilled lizards
  A quokka skeleton (D:4)
  4 rats
79 creatures vanquished.

Notes
Turn   | Place    | Note
-------+----------+-------------------------------------------
     0 | D:1      | Alfie the Hill Orc Fighter began the quest for the Orb.
     0 | D:1      | Reached XP level 1. HP: 19/19 MP: 1/1
   169 | D:1      | Reached XP level 2. HP: 27/27 MP: 2/2
   545 | D:2      | Reached XP level 3. HP: 33/33 MP: 3/3
   853 | D:2      | Reached XP level 4. HP: 35/40 MP: 4/4
  1365 | D:3      | Reached skill level 1 in Throwing
  1365 | D:3      | Reached XP level 5. HP: 28/46 MP: 5/5
  1767 | D:3      | Found a stormy altar of Qazlal.
  2176 | D:4      | Found a sparkling altar of Nemelex Xobeh.
  2264 | D:4      | Found a glowing golden altar of the Shining One.
  2306 | D:4      | Found Istril's Weapon Boutique.
  2587 | D:4      | Reached XP level 6. HP: 47/52 MP: 6/6
  2833 | D:5      | Entered Level 5 of the Dungeon
  2902 | D:5      | Noticed a two-headed ogre
  2907 | D:5      | Demolished by a two-headed ogre

Skill      XL: |  1  2  3  4  5 |
---------------+----------------+-----
Fighting       | 4 |  4.2
Short Blades   | 3 4 |  4.7
Throwing       | 1 |  1.3
Armour         | 4 |  4.6
Shields        | 4 |  4.4
Dodging        | |  0.1
Stealth        | |  0.1

Action                   |  1- 3 |  4- 6 || total
-------------------------+-------+-------++-------
Melee: Rapier            |    92 |   202 ||   294
Throw: Tomahawk          |    12 |    29 ||    41
  Use: Scroll            |     2 |     4 ||     6
  Eat: Bread ration      |       |     2 ||     2
Armor: Scale mail        |    55 |    83 ||   138
Dodge: Dodged            |    49 |    55 ||   104
Block: Shield            |    51 |    83 ||   134
